 Dungeon Crawl Stone Soup version 0.30-b1-2-g02819fbbbe (webtiles) character file.

Game seed: 6258525124415367858

224 MisterFreud the Cleaver (level 6, -2/47 HPs)
             Began as a Gnoll Wanderer on Sept 22, 2023.
             Killed by divine providence
             ... invoked by an orc priest
              (11 damage)
             ... on level 4 of the Dungeon.
             The game lasted 00:03:53 (2298 turns).

MisterFreud the Cleaver (Gnoll Wanderer)            Turns: 2298, Time: 00:03:53

Health: -2/47      AC:  6    Str: 13    XL:     6   Next: 0%
Magic:  11/11      EV: 11    Int: 14    God:
Gold:   137        SH:  0    Dex:  9    Spells: 9/11 levels left

rFire   + . .        a - +0 war axe
rCold   + . .        (no shield)
rNeg    . . .        e - +0 leather armour
rPois   +            (no helmet)
rElec   +            (no cloak)
rCorr   +            t - +0 pair of gloves
SInv    .            f - +1 pair of boots
Will    .....        (no amulet)
Stlth   ++           n - +4 ring of slaying
HPRegen 0.27/turn    g - ring of resist corrosion
MPRegen 0.12/turn

%: no passive effects
@: about to teleport, resistant, attractive
A: fangs 1, strong nose, distributed training
a: no special abilities


You were on level 4 of the Dungeon.
You visited 1 branch of the dungeon, and saw 4 of its levels.

You collected 137 gold pieces.

Inventory:

Hand Weapons
 a - a +0 war axe (weapon)
 c - a +0 dagger
Missiles
 b - 14 poisoned darts (quivered)
 q - 3 curare-tipped darts
Armour
 e - a +0 leather armour (worn)
 f - a +1 pair of boots (worn)
 t - a +0 pair of gloves (worn)
Jewellery
 g - a ring of resist corrosion (right hand)
 l - an amulet of reflection
 n - a +4 ring of slaying (left hand)
 u - the ring of the Mage {Wiz Archmagi}
   (You acquired it on level 3 of the Dungeon)

   [ring of wizardry]

   It improves your spell success rate.
   Archmagi:  It increases the power of your magical spells.
Scrolls
 i - a scroll of amnesia
 k - a scroll of teleportation
Potions
 d - 2 potions of curing
 h - a potion of degeneration {unknown}
 j - a potion of might
 o - a potion of heal wounds {unknown}
 p - a potion of cancellation {unknown}
 r - 2 potions of magic
 s - a potion of resistance
 v - a potion of lignification {unknown}


   Skills:
 + Level 3.1 Fighting
 + Level 1.8 Short Blades
 + Level 1.8 Long Blades
 + Level 8.7 Axes
 + Level 1.8 Maces & Flails
 + Level 1.8 Polearms
 + Level 1.8 Staves
 + Level 1.8 Ranged Weapons
 + Level 3.1 Throwing
 + Level 3.1 Armour
 + Level 1.8 Dodging
 + Level 3.0 Stealth
 + Level 1.8 Shields
 + Level 1.8 Unarmed Combat
 + Level 3.3 Spellcasting
 + Level 2.5 Conjurations
 + Level 1.4 Hexes
 + Level 1.4 Summonings
 + Level 1.4 Necromancy
 + Level 1.4 Translocations
 + Level 1.4 Transmutations
 + Level 1.4 Fire Magic
 + Level 1.4 Ice Magic
 + Level 1.4 Air Magic
 + Level 1.4 Earth Magic
 + Level 1.4 Poison Magic
 + Level 2.0 Invocations
 + Level 1.8 Evocations


You had 9 spell levels left.
You knew the following spells:

 Your Spells              Type           Power      Damage    Failure   Level
a - Searing Ray           Conj           18%        2d5       14%         2

Your spell library contained the following spells:

 Spells                   Type           Power      Damage    Failure   Level
 Magic Dart               Conj           36%        1d4       9%          1
 Momentum Strike          Conj/Tloc      14%        3d8       17%         2
 Static Discharge         Conj/Air       14%        2-3/arc   17%         2
 Call Canine Familiar     Summ           6%         N/A       41%         3
 Portal Projectile        Hex/Tloc       12%        N/A       41%         3
 Fulminant Prism          Conj/Hex       3%         3d5       75%         4
 Leda's Liquefaction      Hex/Erth       3%         N/A       82%         4


Dungeon Overview and Level Annotations

Branches:
Dungeon (4/15)
 Temple: D:4-7

Altars:
Elyvilon
Sif Muna


Innate Abilities, Weirdness & Mutations

You have very sharp teeth.
Your uncanny sense of smell can sniff out nearby items.
Your experience applies equally to all skills.


Message History

You finish memorising.
Spell assigned to 'a'.
v - a clear potion You now have 125 gold pieces (gained 16).
You see here a +0 whip of electrocution.
You now have 137 gold pieces (gained 12).
Found a stone staircase leading down.
There is a stone staircase leading down here.
Found a club.
An orc comes into view. It is wielding a +0 war axe.
An orc is nearby!
The orc shouts!
You hear a shout! x2
An orc and an orc priest come into view.
The orc shouts!
The orc priest shouts!
You hear a shout!
You slash the orc!
You kill the orc!
The orc priest mumbles some strange prayers to Beogh against you.
Beogh smites you!
You completely miss the orc. The orc hits you with a +0 club.
The orc priest looks satisfied for a moment.
You barely miss the orc. You bite the orc, but do no damage.
The orc priest calls down the wrath of Beogh upon you.
Pain shoots through your body!
You slash the orc!
You kill the orc!
The orc priest invokes the aid of Beogh against you.
Beogh smites you!
* * * LOW HITPOINT WARNING * * *
You have reached level 6!
It was a potion of magic.
Magic courses through your body.
It was a potion of attraction.
You feel attractive to monsters. The orc priest is attracted toward you.
It was a potion of resistance.
You feel protected. The orc priest completely misses you.
The ogre is attracted toward you.
As you read the scroll of teleportation, it crumbles to dust.
You feel strangely unstable.
The orc priest mumbles some strange prayers to Beogh against you.
Beogh smites you!
You die...

##.#.....##....## ##.....
#.........##.#### ###....
#......#.......#..###....
##.....###.........#)....
####..####.###..#.......
####.....########.?..
##.......######....
##...##.......>#....
#..@#####...........
#.o## ###..#....## #.O#
#..###..###
#.)).....##..###..##
#.ยง.....###...#.....
###......##......#..
#..#..##...#..#.. #..
....###..#.. O.. .###
....


You could see an ogre and an orc priest.

Vanquished Creatures
  A scorpion (D:3)
  A jelly (D:4)
  An iguana (D:4)
  4 adders
  2 worms (D:2)
  A dart slug (D:2)
  3 orcs
  An endoplasm (D:1)
  A giant cockroach (D:1)
  9 goblins
  7 hobgoblins
  4 jackals (D:1)
  6 quokkas
  9 ball pythons
  2 bats
  2 frilled lizards (D:3)
  5 kobolds
  7 rats
66 creatures vanquished.

Vanquished Creatures (others)
  4 toadstools (D:1)
4 creatures vanquished.

Grand Total: 70 creatures vanquished

Notes
Turn   | Place    | Note
-------+----------+-------------------------------------------
     0 | D:1      | MisterFreud the Gnoll Wanderer began the quest for the Orb.
     0 | D:1      | MisterFreud set off with the following items: a +0 war axe,
                  | 7 poisoned darts, a +0 dagger, a potion of curing, a +0
                  | leather armour; and the following spells available to
                  | memorise: Momentum Strike, Static Discharge.
     0 | D:1      | Reached XP level 1. HP: 17/17 MP: 4/4
    34 | D:1      | Reached XP level 2. HP: 17/23 MP: 5/5
    66 | D:1      | You fall into a shaft and drop 1 floor!
   209 | D:2      | Reached XP level 3. HP: 17/28 MP: 7/7
   408 | D:1      | Reached skill level 1 in Invocations
   485 | D:1      | Reached skill level 1 in Short Blades
   485 | D:1      | Reached skill level 1 in Long Blades
   485 | D:1      | Reached skill level 1 in Maces & Flails
   485 | D:1      | Reached skill level 1 in Polearms
   485 | D:1      | Reached skill level 1 in Staves
   485 | D:1      | Reached skill level 1 in Ranged Weapons
   485 | D:1      | Reached skill level 1 in Dodging
   485 | D:1      | Reached skill level 1 in Shields
   485 | D:1      | Reached skill level 1 in Unarmed Combat
   485 | D:1      | Reached skill level 1 in Evocations
  1016 | D:2      | Reached XP level 4. HP: 29/34 MP: 8/8
  1485 | D:3      | Noticed a scorpion
  1491 | D:3      | Killed a scorpion
  1492 | D:3      | Reached skill level 1 in Hexes
  1492 | D:3      | Reached skill level 1 in Summonings
  1492 | D:3      | Reached skill level 1 in Necromancy
  1492 | D:3      | Reached skill level 1 in Translocations
  1492 | D:3      | Reached skill level 1 in Transmutations
  1492 | D:3      | Reached skill level 1 in Fire Magic
  1492 | D:3      | Reached skill level 1 in Ice Magic
  1492 | D:3      | Reached skill level 1 in Air Magic
  1492 | D:3      | Reached skill level 1 in Earth Magic
  1492 | D:3      | Reached skill level 1 in Poison Magic
  1492 | D:3      | Reached XP level 5. HP: 32/40 MP: 9/9
  1737 | D:3      | Found a shimmering blue altar of Sif Muna.
  1942 | D:3      | Identified a scroll of acquirement
  1942 | D:3      | Acquired the ring of the Mage {Wiz Archmagi}
  1942 | D:3      | Found the ring of the Mage {Wiz Archmagi}
  1973 | D:4      | Found a white marble altar of Elyvilon.
  2112 | D:4      | Noticed an ogre
  2203 | D:4      | Learned a level 2 spell: Searing Ray
  2293 | D:4      | Reached XP level 6. HP: 8/47 MP: 11/11
  2298 | D:4      | Killed from afar by an orc priest

Illustrated notes

Levels and vault maps discovered:
D:1:      ldierk_walled_garden_2, layout_loops_ring,
          hangedman_decor_clover_reticule
D:2:      layout_basic, supply_closet_lemuel, dreamdust_mushroom_princess,
          st_stairs_12
D:3:      layout_basic, overflow_temple_1_default, corexii_shack
D:4:      layout_cave_pools, mainiacjoe_overflow_catwalk_spiral

Skill      XL: |  1  2  3  4  5 |
---------------+----------------+-----
Conjurations   | 2 |  2.5
Invocations    | 1 2 |  2.0
Short Blades   | 1 |  1.8
Long Blades    | 1 |  1.8
Maces & Flails | 1 |  1.8
Polearms       | 1 |  1.8
Staves         | 1 |  1.8
Ranged Weapons | 1 |  1.8
Dodging        | 1 |  1.8
Shields        | 1 |  1.8
Unarmed Combat | 1 |  1.8
Evocations     | 1 |  1.8
Spellcasting   | 3 |  3.3
Hexes          | 1 |  1.4
Summonings     | 1 |  1.4
Necromancy     | 1 |  1.4
Translocations | 1 |  1.4
Transmutations | 1 |  1.4
Fire Magic     | 1 |  1.4
Ice Magic      | 1 |  1.4
Air Magic      | 1 |  1.4
Earth Magic    | 1 |  1.4
Poison Magic   | 1 |  1.4
Fighting       | 3 |  3.1
Throwing       | 3 |  3.1
Armour         | 3 |  3.1
Stealth        | 3 |  3.0
Axes           | |  8.7

Action                     |  1- 3 |  4- 6 || total
---------------------------+-------+-------++-------
  Melee: War axe           |    86 |    65 ||   151
         Bite              |     5 |     7 ||    12
    Use: Scroll            |     6 |     5 ||    11
         Potion            |       |     3 ||     3
   Stab: Sleeping          |     6 |     3 ||     9
 Armour: Leather armour    |    21 |    19 ||    40
  Dodge: Dodged            |    58 |    32 ||    90
